 Dungeon Crawl Stone Soup version 0.22-a0-803-gd6d8abe (webtiles) character file.

46 iamserjio the Chiller (level 3, -2/19 HPs)
             Began as a Deep Elf Ice Elementalist on July 22, 2018.
             Slain by an orc
             ... wielding a +0 falchion
              (3 damage)
             ... on level 3 of the Dungeon.
             The game lasted 00:04:10 (502 turns).

iamserjio the Chiller (Deep Elf Ice Elementalist)    Turns: 502, Time: 00:04:10

Health: -2/19      AC:  7    Str:  5    XL:     3   Next: 44%
Magic:  0/10       EV: 13    Int: 20    God:
Gold:   28         SH:  0    Dex: 15    Spells: 3/9 levels left

rFire    . . .     SeeInvis .   h - +0 flail
rCold    . . .     Gourm    .   (no shield)
rNeg     . . .     Faith    .   a - +0 robe
rPois    .         Spirit   .   (no helmet)
rElec    .         Reflect  .   (no cloak)
rCorr    .         Harm     .   (no gloves)
MR       .....                  (no boots)
Stlth    ++........             (no amulet)
HPRegen  0.06/turn              (no ring)
MPRegen  0.12/turn              (no ring)

@: icy armour
A: no striking features
a: no special abilities


You were on level 3 of the Dungeon.
You were not hungry.

You visited 1 branch of the dungeon, and saw 3 of its levels.

You collected 28 gold pieces.

Inventory:

Hand Weapons
 b - a +0 hand axe
 h - a +0 flail (weapon)
 j - a +0 dagger
 m - a +0 hunting sling
Missiles
 i - 41 stones (quivered)
 k - 34 sling bullets
Armour
 a - a +0 robe (worn)
Jewellery
 e - an uncursed ring of magical power {unknown}
Scrolls
 d - 2 scrolls of identify {unknown}
 f - a scroll of fear {unknown}
 g - a scroll of teleportation {unknown}
Comestibles
 c - 2 rations
 l - a chunk of flesh


   Skills:
 + Level 3.1 Dodging
 - Level 2.4 Stealth
 + Level 3.6 Spellcasting
 * Level 1.3 Conjurations
 * Level 4.2 Ice Magic


You had 3 spell levels left.
You knew the following spells:

 Your Spells              Type           Power        Failure   Level  Hunger
a - Freeze                Ice            ###.         2%          1    None
b - Throw Frost           Conj/Ice       ##....       7%          2    ##.....
c - Ozocubu's Armour      Chrm/Ice       ##......     17%         3    ###....

Your spell library contained the following spells:

 Spells                   Type           Power        Failure   Level  Hunger
 Summon Ice Beast         Ice/Summ       ##......     50%         4    ####...
 Throw Icicle             Conj/Ice       ##......     41%         4    ####...


Dungeon Overview and Level Annotations

Branches:
Dungeon (3/15)

Altars:


Message History

You hit the orc.
The orc is almost dead.
The orc closely misses you.
You hit the orc but do no damage.
The orc is almost dead.
The orc hits you with a dagger.
* * * LOW HITPOINT WARNING * * *
You closely miss the orc.
The orc is almost dead.
The orc hits you but does no damage. The orc misses you.
You hit the orc.
You kill the orc!
The orc hits you with a falchion.
* * * LOW HITPOINT WARNING * * *
You aren't carrying any potions.
Unknown command.
Wield which item (- for none, * to show all)? (? for menu, Esc to quit)
h - a +0 flail (weapon)
The orc hits you with a falchion.
You die...

#.# #.....# # #.##
#.....# # #..#
#.....# #
######.####.....#
###................
#......#############
#......# ≈≈#
##....## .≈≈.
P≈≈#....@o#≈≈≈≈.
≈≈≈.....)..≈≈≈≈.
≈≈≈#......#≈≈≈≈. ##
≈. ##....###.≈≈. #.
≈ #...... ≈≈≈. ##
≈≈........ ≈≈.
≈≈#......#≈ ≈.
≈.###....###. ≈≈
...... ≈≈


You could see an orc.

Vanquished Creatures
  3 adders (D:2)
  A leopard gecko (D:3)
  2 orcs (D:3)
  A giant cockroach (D:2)
  A hobgoblin (D:2)
  4 bats
  A frilled lizard (D:2)
  2 goblins (D:2)
  A kobold (D:2)
  4 rats
20 creatures vanquished.

Notes
Turn   | Place    | Note
-------+----------+-------------------------------------------
     0 | D:1      | iamserjio the Deep Elf Ice Elementalist began the quest for the Orb.
     0 | D:1      | Reached XP level 1. HP: 10/10 MP: 6/6
   243 | D:2      | Reached XP level 2. HP: 7/15 MP: 4/8
   285 | D:2      | Reached skill level 4 in Ice Magic
   304 | D:2      | Reached XP level 3. HP: 3/19 MP: 3/10
   317 | D:2      | Learned a level 2 spell: Throw Frost
   321 | D:2      | Learned a level 3 spell: Ozocubu's Armour
   502 | D:3      | Slain by an orc

Vault maps used:
D:1:      dpeg_arrival_yet_another_circle
D:2:      lemuel_round_altar, first_ration
D:3:      wad_lake_hut, chequers_ecumenical_altar_island,
          minmay_stone_trees_small, minivault_27, uniq_sigmund

Skill      XL: |  1  2 |
---------------+-------+-----
Ice Magic      | 4 |  4.2
Dodging        | 3 |  3.1
Stealth        | |  2.4
Spellcasting   | |  3.6
Conjurations   | |  1.3

Action                   || total
-------------------------++-------
Melee: Hand axe          ||     7
       Flail             ||     1
       Dagger            ||     8
 Cast: Freeze            ||    32
       Ozocubu's Armour  ||     2
  Use: Potion            ||     2
 Stab: Sleeping          ||     1
Armor: Robe              ||     8
Dodge: Dodged            ||    39

Table legend:
 A = Spawn XP
 B = Non-spawn XP
 C = Spawn XP percentage of total XP
 D = Spawn monster count
 E = Non-spawn monster count
 F = Spawn count percentage of total count
 G = Total turns spent on level
                    A         B        C        D         E        F      G
               +---------+---------+-------+---------+---------+-------+---------
         Total |       0 |      66 |   0.0 |       0 |      20 |   0.0 |   502
               +---------+---------+-------+---------+---------+-------+---------
           D:1 |       0 |       1 |   0.0 |       0 |       1 |   0.0 |   134
           D:2 |       0 |      54 |   0.0 |       0 |      14 |   0.0 |   267
           D:3 |       0 |      11 |   0.0 |       0 |       5 |   0.0 |   101
               +---------+---------+-------+---------+---------+-------+---------
